 Dungeon Crawl Stone Soup version 0.25-a0-419-g7650d0de75 (webtiles) character file.

Game seed: 15082199615591878063, levelgen mode: deterministic

190 kae the Gusty (level 5, 0/57 HPs)
             Began as a Draconian Air Elementalist on Jan 17, 2020.
             Was a Follower of Vehumet.
             Slain by a scorpion (2 damage)
             ... on level 3 of the Dungeon.
             The game lasted 00:04:26 (3786 turns).

kae the Gusty (Draconian Air Elementalist)          Turns: 3786, Time: 00:04:27

Health: 0/57       AC: 22    Str: 10    XL:     5   Next: 41%
Magic:  1/9        EV:  2    Int: 16    God:    Vehumet [*.....]
Gold:   135        SH:  0    Dex: 12    Spells: 0/10 levels left

rFire    . . .     SeeInvis .   d - +1 short sword
rCold    . . .     Gourm    .   (no shield)
rNeg     + + +     Faith    .   (armour unavailable)
rPois    +         Spirit   .   (helmet currently unavailable)
rElec    .         Reflect  .   (cloak currently unavailable)
rCorr    .         Harm     .   (gloves currently unavailable)
MR       .....     NoTele   +   (boots currently unavailable)
Stlth    ++........             (no amulet)
HPRegen  0.19/turn              (no ring)
MPRegen  0.11/turn              (no ring)

@: tree-form
A: unfitting armour, AC +5
a: Renounce Religion


You were on level 3 of the Dungeon.
You worshipped Vehumet.
Vehumet was aware of your devotion.
You were not hungry.
You were a tree.
You visited 1 branch of the dungeon, and saw 3 of its levels.

You collected 135 gold pieces.

Inventory:

Hand Weapons
 d - a +1 short sword (weapon)
Jewellery
 h - an uncursed ring of poison resistance {unknown}
Wands
 o - a wand of paralysis (10)
Scrolls
 a - a scroll of magic mapping
 e - 3 scrolls of identify
 g - 3 scrolls of random uselessness
 i - a scroll of amnesia
 k - a scroll of remove curse
 l - a scroll of teleportation
Potions
 c - 2 potions of haste
 m - a potion of mutation
Comestibles
 b - 10 rations
 j - 2 chunks of flesh


   Skills:
 - Level 1.7 Dodging
 - Level 1.7 Stealth
 + Level 3.1 Spellcasting
 + Level 2.6 Conjurations
 * Level 4.9 Air Magic


You couldn't memorise any spells.
You knew the following spells:

 Your Spells              Type           Power        Failure   Level  Hunger
a - Shock                 Conj/Air       ##..         4%          1    #......
b - Static Discharge      Conj/Air       ##......     12%         3    ###....
c - Swiftness             Chrm/Air       ##......     11%         2    ##.....
d - Airstrike             Air            ###.......   24%         4    #####..

Your spell library contained the following spells:

 Spells                   Type           Power        Failure   Level  Hunger
 Foxfire                  Conj/Fire      #...         11%         1    #......
 Lightning Bolt           Conj/Air       ##........   73%         5    ######.


Dungeon Overview and Level Annotations

Branches:
Dungeon (3/15)

Altars:
Hepliaklqana
Vehumet


Innate Abilities, Weirdness & Mutations

((Your plain brown scales are hard. (AC +5)))
You cannot fit into any form of body armour.
((You are cold-blooded and may be slowed by cold attacks.))


Message History

Casting: Static Discharge (safe; 12% risk of failure)
Confirm with . or Enter, or press ? or * to list all spells.
You don't have enough magic to cast that spell.
You hit the scorpion but do no damage.
The scorpion is severely wounded.
The jackal bites you but does no damage.
The scorpion stings you.
* * * LOW HITPOINT WARNING * * *
The jackal bites you but does no damage.
You hit the scorpion.
The scorpion is severely wounded.
The scorpion stings you.
* * * LOW HITPOINT WARNING * * *
The jackal bites you but does no damage.
The scorpion stings you but does no damage.
You hit the scorpion but do no damage.
The scorpion is severely wounded.
The jackal bites you but does no damage.
The jackal barely misses you. The scorpion stings you.
You die...

#####.[# #.#
#.)#######
#))..h...#
#..#####.# #..#
#h# #..#####o##
##.........#
....#####h.##.##
##....s♣hg..%..#
#..#.###o.##..#
.... #..# .# #..
#..# . #. #..# #
...# .... ..#..
## ...# +#.#.#+


You could see a scorpion, an orc, 2 jackals and a hobgoblin.

Vanquished Creatures
  Jessica (D:2)
  Terence (D:2)
  3 adders
  3 gnolls (D:2)
  An ooze (D:1)
  3 worms
  2 dart slugs
  3 leopard geckos (D:2)
  5 orcs
  2 ball pythons
  4 bats
  4 giant cockroaches
  3 goblins (D:3)
  11 hobgoblins
  2 kobolds
  3 frilled lizards (D:2)
  A leopard gecko skeleton (D:2)
  8 rats
60 creatures vanquished.

Notes
Turn   | Place    | Note
-------+----------+-------------------------------------------
     0 | D:1      | kae the Draconian Air Elementalist began the quest for the
                  | Orb.
     0 | D:1      | Reached XP level 1. HP: 14/14 MP: 3/3
   549 | D:1      | Reached XP level 2. HP: 17/20 MP: 5/5
  1107 | D:2      | Learned a level 2 spell: Swiftness
  1139 | D:2      | Found a radiant altar of Vehumet.
  1207 | D:2      | Became a worshipper of Vehumet
  1245 | D:2      | Noticed Terence
  1634 | D:2      | Reached XP level 3. HP: 13/26 MP: 0/6
  1793 | D:2      | Learned a level 3 spell: Static Discharge
  1861 | D:2      | Found a hazy altar of Hepliaklqana.
  2085 | D:2      | Found a faded altar of an unknown god.
  2163 | D:2      | Noticed Jessica
  2172 | D:2      | Killed Jessica
  2172 | D:2      | Reached skill level 4 in Air Magic
  2172 | D:2      | Reached XP level 4. HP: 31/33 MP: 3/7
  2575 | D:2      | Killed Terence
  2575 | D:2      | Reached XP level 5. HP: 9/38 MP: 0/9
  3623 | D:3      | Reached * piety under Vehumet
  3623 | D:3      | Offered knowledge of Foxfire by Vehumet.
  3667 | D:3      | Learned a level 4 spell: Airstrike
  3785 | D:3      | HP: 2/57 [scorpion (1)]
  3786 | D:3      | Slain by a scorpion

Levels and vault maps discovered:
D:1:      roderic_crossed_star, layout_basic
D:2:      layout_loops_ring, overflow_temple_1_default, lemuel_doored_altar,
          chequers_ecumenical_altar_lobes, first_ration, uniq_terence,
          uniq_jessica
D:3:      layout_loops_ring, nicolae_overflow_hidden_temple,
          nemelex_spade_bored_becter

Skill      XL: |  1  2  3  4  5 |
---------------+----------------+-----
Conjurations   | 2 |  2.6
Air Magic      | 4 |  4.9
Spellcasting   | 3 |  3.1
Dodging        | |  1.7
Stealth        | |  1.7

Action                   |  1- 3 |  4- 6 || total
-------------------------+-------+-------++-------
Melee: Short sword       |    85 |    69 ||   154
       Unarmed           |     5 |       ||     5
       Tailslap          |     4 |     9 ||    13
 Cast: Shock             |    35 |    61 ||    96
       Swiftness         |     1 |       ||     1
       Static Discharge  |       |     4 ||     4
  Use: Scroll            |     4 |     7 ||    11
       Potion            |       |     2 ||     2
 Stab: Sleeping          |     6 |     1 ||     7
  Eat: Chunk             |     4 |     6 ||    10
Armor: Skin              |    22 |    53 ||    75
Dodge: Dodged            |    79 |    62 ||   141

Table legend:
 A = Non-vault XP
 B = Vault XP
 C = Vault XP percentage of total XP
 D = Non-vault monster count
 E = Vault monster count
 F = Vault count percentage of total count
                 A         B        C        D         E       F
            +---------+---------+-------+---------+---------+-------
      Total |     199 |      73 |  26.8 |      58 |       2 |   3.3
            +---------+---------+-------+---------+---------+-------
        D:1 |      25 |       0 |   0.0 |      13 |       0 |   0.0
        D:2 |     112 |      73 |  39.5 |      24 |       2 |   7.7
        D:3 |      62 |       0 |   0.0 |      21 |       0 |   0.0
            +---------+---------+-------+---------+---------+-------
